AoeStats
← 蒙面可达鸭

Arabia

507728722Analyzed
1v1 RM · 13d ago on Sep 19, 2026· 30m 3s· 2 players
Game mode
Random Map
Map size
Tiny (2 player)
Population
200
Speed
Normal
Resources
Standard
Victory
Conquest
Starting age
Dark Age
Ending age
Imperial Age
RankedLock teamsTeams togetherTeam positionsShared explorationLock speedFull tech treeHidden civsTurbo modeCheats
Victory
Defeat
🇩🇴 Mongols · Dominican Republic
1401
+17
🇨🇳 Wei · China
1415
-17
RD | ShApE ShiFTeR
6:00 Loom
8:26 Feudal Age
9:08 Double-Bit Axe
21:08 Castle Age
20:08 Gold Mining
20:00 Horse Collar
22:41 Husbandry
23:30 Bloodlines
23:48 Bow Saw
23:54 Fletching
25:01 Bodkin Arrow
26:16 Padded Archer Armor
27:04 Thumb Ring
27:25 Scale Barding Armor
30:15 Chain Barding Armor
蒙面可达鸭
6:26 Loom
8:53 Feudal Age
10:32 Double-Bit Axe
25:25 Castle Age
23:33 Gold Mining
24:52 Stone Mining
25:23 Horse Collar
29:58 Bloodlines
29:49 Husbandry
Connection lost

Rejoining the realm…

Still unreachable

The connection could not be restored.

Session expired

The server has moved on; the page needs a fresh start.